Cogmind - Beta 13 @@@ ROGUE MODE // 2024.04.16 @ 15:15:40 Player: monistgf Result: Self-destructed Performance ------------- Evolutions (6) 3000 Regions Visited (17) 3400 Robots Destroyed (166) 830 Value Destroyed (6811) 6811 Prototype IDs (16) 320 Alien Tech Used (0) 0 Bonus (2188) 2188 TOTAL SCORE: 16549 Bonus ------- High Alert Combat Kills 791 Follower Combat Kills 1841 Network Hubs Disabled 200 Built Enhanced Grunts 300 Friendly Fire -944 Cogmind --------- Core Integrity 335/1150 Matter 244/300 Energy 116/150 System Corruption 0% Temperature Cool (0) Movement Core (1000) Ox19 Location -4/Factory Parts ------- > --- POWER (1) -------- Micro Fission Core > --- PROPULSION (3) --- (None) > --- UTILITY (12) ----- High-capacity Storage Unit Machine Analyzer Advanced Visual Processing Unit Experimental Optical Array Advanced Sensor Array Advanced Signal Interpreter Improved Melee Analysis Suite Advanced Melee Analysis Suite Improved Dynamic Insulation System Improved Corruption Screen > --- WEAPON (3) ------- Falx Phasing Sabre Lance > --- INVENTORY (20) --- Light Angular Momentum Engine Quantum Reactor Quantum Reactor Medium Treads Enhanced Flexi-carbon Leg Compact Wheel Antigrav System Improved Coolant Injector Improved Sensor Array Advanced ECM Suite Hardened Medium Armor Plating Magnetic Acceleration Cannon Chainsword Great Axe Phasing Sabre Heavy Pick Peak State ------------ > --- POWER ------------ Antimatter Reactor > --- PROPULSION ------- Armored Medium Treads Centrium Heavy Treads > --- UTILITY ---------- High-capacity Storage Unit Machine Analyzer Experimental Optical Array Advanced Signal Interpreter Improved Melee Analysis Suite Advanced Melee Analysis Suite Microactuators Phase Shifter Improved Utility Shielding Improved System Shield Improved Corruption Screen > --- WEAPON ----------- Mini Smartbomb Launcher Falx Phasing Sabre > --- INVENTORY -------- Light Angular Momentum Engine Light Angular Momentum Engine Flexi-carbon Leg Flexi-carbon Leg Compact Wheel Improved Coolant Injector Improved Sensor Array Advanced Sensor Array Advanced ECM Suite Improved Dynamic Insulation System Magnetic Acceleration Cannon Chainsword Great Axe Phasing Sabre Heavy Pick Lance [Rating: 105] Favorites ----------- Power Improved Deuterium Engine Engine Improved Deuterium Engine Power Core Fission Core Reactor Quantum Reactor Propulsion Armored Wheel Treads Centrium Heavy Treads Leg Carbon-fiber Leg Wheel Armored Wheel Hover Unit Antigrav System Utility High-capacity Storage Unit Device Improved Sensor Array Storage High-capacity Storage Unit Processor Enhanced Optical Array Hackware System Shield Protection Centrium Medium Armor Plating Weapon Phasing Sabre Energy Gun Medium Laser Energy Cannon Particle Cannon Ballistic Gun Heavy Assault Rifle Ballistic Cannon Magnetic Acceleration Cannon Launcher Mini Smartbomb Launcher Slashing Weapon Phasing Sabre Piercing Weapon Lance Build | -11 -10 -9 -9 -9 -8 -8 -8 -7 -6 -6 -6 -6 -6 -5 -5 -5 -4 ------- Run | Yrd Mat Mat Min Exi Min Mat Sto Fac Fac Ext Cet Arc Hub Fac Was Fac Fac Slots Evolved 12 | . . 2 . . . 2 . 2 2 . . . . 2 . . 2 Power . | . . . . . . . . . . . . . . . . . . Propulsion 1 | . . . . . . 1 . . . . . . . . . . . Utility 10 | . . 2 . . . 1 . 2 2 . . . . 1 . . 2 Weapon 1 | . . . . . . . . . . . . . . 1 . . . Parts Attached 268 | . 10 4 . . 2 8 11 24 16 42 6 3 9 83 1 9 40 Power 27 | . 1 . . . . . 1 2 2 5 . . 1 10 . 1 4 Engine 16 | . 1 . . . . . 1 2 1 1 . . 1 6 . 1 2 Core 9 | . . . . . . . . . 1 4 . . . 3 . . 1 Reactor 2 | . . . . . . . . . . . . . . 1 . . 1 Propulsion 68 | . 2 . . . . 1 2 5 3 10 1 1 2 24 1 1 15 Treads 13 | . . . . . . . . . . 4 1 1 1 3 . . 3 Leg 11 | . . . . . . . . . . 1 . . . 8 . . 2 Wheel 39 | . 2 . . . . 1 2 5 3 5 . . 1 13 1 1 5 Hover 5 | . . . . . . . . . . . . . . . . . 5 Flight . | . . . . . . . . . . . . . . . . . . Utility 120 | . 5 3 . . . 3 7 11 9 17 5 2 5 35 . 3 15 Device 40 | . 1 3 . . . 2 2 3 5 4 1 1 2 9 . . 7 Storage 4 | . 3 . . . . . . . . . . . . . . . 1 Processor 14 | . . . . . . . . . 2 1 1 . . 5 . 2 3 Hackware 13 | . . . . . . . 1 3 . 2 . . 3 3 . . 1 Protection 49 | . 1 . . . . 1 4 5 2 10 3 1 . 18 . 1 3 Artifact . | . . . . . . . . . . . . . . . . . . Weapon 53 | . 2 1 . . 2 4 1 6 2 10 . . 1 14 . 4 6 Energy Gun . | . . . . . . . . . . . . . . . . . . Energy Cannon 2 | . 1 . . . 1 . . . . . . . . . . . . Ballistic Gun 3 | . 1 1 . . . 1 . . . . . . . . . . . Ballistic Cannon 4 | . . . . . . . . . . 2 . . 1 1 . . . Launcher 7 | . . . . . 1 1 . 2 . . . . . 1 . . 2 Special Weapon . | . . . . . . . . . . . . . . . . . . Impact Weapon . | . . . . . . . . . . . . . . . . . . Slashing Weapon 31 | . . . . . . 2 1 4 2 8 . . . 9 . 2 3 Piercing Weapon 6 | . . . . . . . . . . . . . . 3 . 2 1 Special Melee Weapon . | . . . . . . . . . . . . . . . . . . Unidentified Prototypes 6 | . 1 . . . . . . . . . 2 . . 1 . . 2 Parts Lost 104 | . . . . . . . 4 4 6 24 4 . . 38 2 1 21 Power 11 | . . . . . . . . . 1 3 . . . 4 1 . 2 Propulsion 34 | . . . . . . . . 2 1 5 1 . . 12 . 1 12 Utility 49 | . . . . . . . 4 1 2 14 3 . . 18 1 . 6 Weapon 10 | . . . . . . . . 1 2 2 . . . 4 . . 1 Highest Loss Streak 14 | . . . . . . . 1 1 3 10 4 . . 10 2 1 14 To Critical Strikes . | . . . . . . . . . . . . . . . . . . Average Slot Usage (%) 91 | . 97 100 100 100 100 90 88 91 85 87 93 93 93 92 96 99 93 Engine 4 | . 14 11 11 11 11 9 9 7 3 . . . 4 3 . 4 . Core 1 | . . . . . . . . . 2 4 6 6 1 . 4 . 1 Treads 1 | . . . . . . . . . . 1 5 10 7 1 . . . Wheel 14 | . 27 22 22 22 22 27 26 22 12 11 7 2 4 9 17 17 9 Device 12 | . 1 33 33 33 33 27 21 15 13 14 7 8 6 7 5 5 8 Storage 6 | . 14 11 11 11 11 9 9 7 6 6 6 6 6 5 5 5 5 Processor 13 | . . . . . . . . . 12 11 19 20 20 17 29 32 31 Hackware 11 | . . . . . . . 8 18 20 9 13 13 18 13 11 7 3 Protection 8 | . 10 . . . . 9 5 11 6 11 11 10 7 8 4 5 6 Energy Cannon 1 | . 13 11 11 11 10 . . . . . . . . . . . . Ballistic Gun 1 | . 7 11 11 11 11 1 . . . . . . . . . . . Slashing Weapon 9 | . . . . . . 8 8 6 6 10 13 13 12 14 15 11 11 Naked Turns . | . . . . . . . . . . . . . . . . . . Heaviest Build 94 | 14 54 59 59 59 59 67 67 68 68 86 71 68 73 94 64 65 77 Greatest Support 103 | 20 24 24 24 24 24 36 36 40 40 48 80 103 103 103 36 42 42 Greatest Overweight (x) 19 | . 2 2 2 2 2 1 1 2 1 19 1 . 2 9 1 1 3 Average Overweight (x) 1 | . 1 2 2 2 2 1 1 1 1 1 . . 1 1 1 1 1 Largest Inventory Capacity 20 | . 20 20 20 20 20 20 20 20 20 20 20 20 20 20 20 20 20 Average Capacity 19 | . 14 20 20 20 20 20 20 20 20 20 20 20 20 20 20 20 20 Most Carried 20 | . 17 17 18 18 20 20 20 20 20 20 18 20 20 20 20 20 20 Average Carried 18 | . 11 15 17 18 19 19 19 19 19 16 17 19 18 17 19 19 17 Final Capacity 20 | 8 20 20 20 20 20 20 20 20 20 20 20 20 20 20 20 20 20 Final Carried 20 | 6 17 17 18 18 20 20 20 20 20 14 18 20 20 20 20 20 16 Class Distribution -------------------- 34% | Scavenger-Gladiator 28% | Hacker-Gladiator 17% | Mutant 12% | Hacker-Mutant 4% | Gladiator Dominant Class ---------------- Mutant | -10/Materials Mutant | -9/Materials Mutant | -9/Mines Mutant | -9/Exiles Mutant | -8/Mines Mutant | -8/Materials Mutant | -8/Storage Hacker-Mutant | -7/Factory Hacker-Gladiator | -6/Factory Gladiator | -6/Extension Scavenger-Gladiator | -6/Cetus Scavenger-Gladiator | -6/Archives Scavenger-Gladiator | -6/Hub_04(d) Hacker-Gladiator | -5/Factory Scavenger-Gladiator | -5/Waste Scavenger-Gladiator | -5/Factory Scavenger-Gladiator | -4/Factory Resources | -11 -10 -9 -9 -9 -8 -8 -8 -7 -6 -6 -6 -6 -6 -5 -5 -5 -4 ----------- Run | Yrd Mat Mat Min Exi Min Mat Sto Fac Fac Ext Cet Arc Hub Fac Was Fac Fac Matter Collected 3587 | 194 170 31 . 16 62 141 100 283 128 596 55 86 159 762 . 96 708 Remotely . | . . . . . . . . . . . . . . . . . . Salvage Created 7328 | . 343 60 . . 143 160 560 787 299 770 80 205 98 2296 . 149 1378 Parts 413 | . 17 3 . . 7 10 42 60 10 21 2 14 6 123 . 13 85 Haulers Intercepted 4 | . . . . . . . 1 1 . . . . . . . . 2 Recyclers Shooed 3 | . . . . . . . 1 1 . . . . . . . . 1 Parts Field Recycled . | . . . . . . . . . . . . . . . . . . Retrieved Matter . | . . . . . . . . . . . . . . . . . . Parts Self-Destructed . | . . . . . . . . . . . . . . . . . . Prevented . | . . . . . . . . . . . . . . . . . . Kills | -11 -10 -9 -9 -9 -8 -8 -8 -7 -6 -6 -6 -6 -6 -5 -5 -5 -4 ------- Run | Yrd Mat Mat Min Exi Min Mat Sto Fac Fac Ext Cet Arc Hub Fac Was Fac Fac Combat Hostiles Destroyed 125 | . 10 1 . . 3 7 13 18 7 4 1 . . 38 . 2 21 Melee 95 | . . . . . . 4 13 12 7 4 1 . . 37 . 2 15 Guns 4 | . 3 . . . 1 . . . . . . . . . . . . Cannons 8 | . 7 1 . . . . . . . . . . . . . . . AOE 18 | . . . . . 2 3 . 6 . . . . . 1 . . 6 Classes Destroyed 20 | . 3 1 . . 1 . 2 3 2 2 . . . 3 . . 3 Worker 6 | . . . . . . . . . . . . . . 1 . . 5 Builder 6 | . . . . . . . . 2 . . . . 1 1 . . 2 Tunneler 3 | . 1 . . . 2 . . . . . . . . . . . . Hauler 4 | . . . . . . . 1 1 . . . . . . . . 2 Recycler 5 | . . . . . . . . . . 2 . . . 1 . . 2 Mechanic 3 | . . . . . . . . . . . . . . 1 . . 2 Operator 11 | . . . . . . . . 3 . 1 . 6 1 . . . . Watcher 4 | . . . . . . . . . . 1 . . . . . 1 2 Swarmer 31 | . 3 . . . . 5 4 9 . . . . . 2 . . 8 Saboteur 2 | . . . . . . . . . . . . . . 2 . . . Grunt 40 | . 7 . . . 2 2 4 4 1 . . . . 20 . . . Brawler 1 | . . . . . . . . . 1 . . . . . . . . Duelist 2 | . . . . . 1 . . . . . . . . 1 . . . Protector 1 | . . . . . . . . . . . . . . . . . 1 Sentry 16 | . . 1 . . . . 4 4 1 3 . . . 3 . . . Specialist 1 | . . . . . . . . . . . . . . . . . 1 Hunter 3 | . . . . . . . 1 . . . . . . . . . 2 Programmer 24 | . . . . . . . . 1 2 1 . . . 10 . 2 8 Cetus Guard 1 | . . . . . . . . . . . 1 . . . . . . Enhanced Grunt 1 | . . . . . . . . . . . . . 1 . . . . Executioner 1 | . . . . . . . . . . . . . . . . . 1 Assembled 2 | . . . . . . . . . 2 . . . . . . . . Best Kill Streak 14 | . 3 1 . . 3 3 3 6 2 2 1 2 1 8 . 2 14 Combat Bots Only 8 | . 3 1 . . 3 3 3 3 2 2 1 . . 8 . 2 6 Max Kills in Single Turn 4 | . 1 1 . . 1 3 1 4 1 1 1 1 1 2 . 2 3 Gunslinging . | . . . . . . . . . . . . . . . . . . Exploded 3 | . . . . . 1 3 . 3 . . . . . 1 . . 3 Melee 2 | . . . . . . 1 1 1 1 1 1 . . 2 . 2 2 Uniques/NPCs Destroyed . | . . . . . . . . . . . . . . . . . . Combat | -11 -10 -9 -9 -9 -8 -8 -8 -7 -6 -6 -6 -6 -6 -5 -5 -5 -4 -------- Run | Yrd Mat Mat Min Exi Min Mat Sto Fac Fac Ext Cet Arc Hub Fac Was Fac Fac Hostile Shots Fired 1716 | . 44 2 3 . 3 25 82 202 115 456 13 1 10 428 1 9 322 Missed 507 | . 10 1 1 . 3 5 20 69 30 139 3 . 3 88 . 3 132 Damage Taken 17784 | . 402 15 38 . 18 160 553 1233 915 3544 327 64 224 6509 48 122 3612 Core 2612 | . 109 . . . 6 37 93 145 122 465 118 . 12 649 . 41 815 Absorbed by Shields 667 | . . . 13 . 6 62 168 4 . 377 37 . . . . . . Reduced by Siege Mode 77 | . . . . . . . . . . . . . . . . . 77 Redirected to Shielding 326 | . 5 . . . . . . . . 214 . . . . . . 107 Ignored by Resistances 102 | . . . . . . 18 49 35 . . . . . . . . . Regen/Repaired (Parts) 1461 | . . . . . . . 269 184 222 . . . . 786 . . . Core Remaining (%) 65 | 100 56 . . . 98 . 76 79 . . . . 15 . . 31 . Volleys Fired 105 | . 24 1 2 . 6 1 . 4 . 30 . . 15 11 . . 11 Largest 2 | . 2 2 2 . 2 1 . 1 . 1 . . 1 1 . . 1 Hottest 118 | . 118 88 91 . 91 33 . 33 . 53 . . 53 53 . . 80 Shots Fired 135 | . 48 2 4 . 9 1 . 4 . 30 . . 15 11 . . 11 Gun 30 | . 24 1 2 . 3 . . . . . . . . . . . . Cannon 82 | . 24 1 2 . 3 . . . . 30 . . 15 7 . . . Launcher 23 | . . . . . 3 1 . 4 . . . . . 4 . . 11 Special . | . . . . . . . . . . . . . . . . . . Kinetic 72 | . 14 1 2 . 3 . . . . 30 . . 15 7 . . . Thermal 40 | . 34 1 2 . 3 . . . . . . . . . . . . Explosive 23 | . . . . . 3 1 . 4 . . . . . 4 . . 11 Electromagnetic . | . . . . . . . . . . . . . . . . . . Robot Hit Streak 15 | . 15 2 1 . 4 . . 2 . . . . . . . . 8 Robot Miss Streak 4 | . 2 . 3 . 1 1 . . . . . . . 4 . . . Penetration Max . | . . . . . . . . . . . . . . . . . . Secondary Targets . | . . . . . . . . . . . . . . . . . . Shots Hit Robots 399 | . 34 1 1 . 6 10 34 30 28 41 5 9 6 139 . 5 50 Core Hits 227 | . 14 1 1 . 8 6 12 23 8 10 2 3 6 63 . 3 67 Critical Kills . | . . . . . . . . . . . . . . . . . . Critical Parts Destroyed 1 | . 1 . . . . . . . . . . . . . . . . Critical Strikes 50 | . 1 . . . . 3 7 6 3 7 1 . . 19 . . 3 Destroy 1 | . 1 . . . . . . . . . . . . . . . . Sever 43 | . . . . . . 3 7 6 3 7 1 . . 13 . . 3 Impale 6 | . . . . . . . . . . . . . . 6 . . . Melee Attacks 617 | . . . . . . 14 47 55 38 97 5 10 35 205 . 20 91 Thermal 8 | . . . . . . . . . . . . . . 8 . . . Impact . | . . . . . . . . . . . . . . . . . . Slashing 537 | . . . . . . 14 47 55 38 97 5 10 35 135 . 18 83 Piercing 72 | . . . . . . . . . . . . . . 62 . 2 8 Sneak Attacks 37 | . . . . . . . 5 3 1 5 . 8 2 5 . . 8 Combat Hostiles 2 | . . . . . . . . . 1 1 . . . . . . . Follow-up Attacks 56 | . . . . . . . . . . 3 2 . 1 32 . 2 16 Damage Inflicted 22819 | . 563 20 32 . 275 695 1915 2174 1583 2187 211 970 761 6110 . 229 5094 Guns 193 | . 150 . 12 . 31 . . . . . . . . . . . . Cannons 581 | . 413 20 20 . 40 . . . . . . . 88 . . . . Explosions 4332 | . . . . . 204 164 . 549 . . . . 285 256 . . 2874 Melee 17713 | . . . . . . 531 1915 1625 1583 2187 211 970 388 5854 . 229 2220 Ramming . | . . . . . . . . . . . . . . . . . . Kinetic 205 | . 74 . 12 . 31 . . . . . . . 88 . . . . Thermal 569 | . 489 20 20 . 40 . . . . . . . . . . . . Explosive 4047 | . . . . . 204 164 . 549 . . . . . 256 . . 2874 Electromagnetic 285 | . . . . . . . . . . . . . 285 . . . . Impact . | . . . . . . . . . . . . . . . . . . Slashing 15643 | . . . . . . 531 1915 1625 1583 2187 211 970 388 4071 . 149 2013 Piercing 2070 | . . . . . . . . . . . . . . 1783 . 80 207 Highest Corruption 17 | . . . . . . . . 1 3 4 4 4 3 17 17 17 . Average Corruption 5 | . . . . . . . . 1 1 3 4 3 2 9 17 17 . Corruption Purged 4 | . . . . . . . . . . . . 4 . . . . . Corruption Blocked 14 | . . . . . . . . . . . . . . . 9 1 4 Effects 172 | . . . . . . . . 5 13 36 12 9 4 53 8 32 . Message Errors 43 | . . . . . . . . 2 3 10 3 1 . 12 2 10 . Matter Fused 43 | . . . . . . . . 1 2 9 3 4 3 12 1 8 . Heat Flow Errors 25 | . . . . . . . . . 2 3 3 . 1 9 . 7 . Energy Discharges 21 | . . . . . . . . 1 2 3 1 1 . 9 2 2 . Parts Rejected 3 | . . . . . . . . . . 3 . . . . . . . Data Loss (minor) 25 | . . . . . . . . 1 2 6 2 3 . 7 . 4 . Data Loss (major) 7 | . . . . . . . . . 2 2 . . . 1 1 1 . Alerts 2 | . . . . . . . . . . . . . . 2 . . . Misdirections 3 | . . . . . . . . . . . . . . 1 2 . . Overload Shots . | . . . . . . . . . . . . . . . . . . Overflow Damage 2191 | . 13 . . . . 48 143 213 121 351 . 399 200 371 . . 332 Projectiles 13 | . 13 . . . . . . . . . . . . . . . . Explosions 63 | . . . . . . . . 34 . . . . . . . . 29 Melee 2115 | . . . . . . 48 143 179 121 351 . 399 200 371 . . 303 Knockbacks 3 | . . . . . . . . . . . . . 3 . . . . Impact . | . . . . . . . . . . . . . . . . . . Kinetic 2 | . . . . . . . . . . . . . 2 . . . . Secondary 1 | . . . . . . . . . . . . . 1 . . . . Self-Inflicted Damage 338 | . . . . . 25 . . 41 . . . . 89 . . . 183 Shots 8 | . . . . . 1 . . 1 . . . . 1 . . . 5 Rammed 1 | . . . . . . . . . . . . . . 1 . . . Targets Rammed 1 | . . . . . . . . . . . . . . 1 . . . Kicked . | . . . . . . . . . . . . . . . . . . Crushed . | . . . . . . . . . . . . . . . . . . Highest Temperature 315 | . 309 24 . . . . 10 . 269 315 211 . 175 264 . 257 56 Average Temperature 105 | . 111 18 . . . . 9 . 130 136 92 . 94 95 . 115 20 Received Heat Transfer 4474 | . 192 9 . . . 80 244 366 239 1167 31 . 45 2029 . 18 54 Effects 1 | . . . . . . . . . . . . . . . . 1 . Interference 1 | . . . . . . . . . . . . . . . . 1 . Siege Activations 1 | . . . . . . . . . . . . . . . . . 1 Total Turns 6 | . . . . . . . . . . . . . . . . . 6 Longest Duration 6 | . . . . . . . . . . . . . . . . . 6 Robots Corrupted . | . . . . . . . . . . . . . . . . . . Combat Hostiles . | . . . . . . . . . . . . . . . . . . Parts Fried 1 | . . . . . . . . . . . 1 . . . . . . Impact Corruptions . | . . . . . . . . . . . . . . . . . . Robots Melted . | . . . . . . . . . . . . . . . . . . Combat Hostiles . | . . . . . . . . . . . . . . . . . . Parts Melted 2 | . 1 . . . . . . . . 1 . . . . . . . Heat Transferred 1110 | . 962 37 37 . 74 . . . . . . . . . . . . Parts Sabotaged 2 | . . . . . . . . . . . . . . 2 . . . Parts Stolen . | . . . . . . . . . . . . . . . . . . Parts Stripped . | . . . . . . . . . . . . . . . . . . Power Chain Reactions . | . . . . . . . . . . . . . . . . . . Alert | -11 -10 -9 -9 -9 -8 -8 -8 -7 -6 -6 -6 -6 -6 -5 -5 -5 -4 ------- Run | Yrd Mat Mat Min Exi Min Mat Sto Fac Fac Ext Cet Arc Hub Fac Was Fac Fac Peak Influence 1077 | . 235 121 46 . 109 247 362 261 143 147 122 265 1077 878 295 353 429 Initial 527 | . . 61 46 . . 42 104 161 127 4 69 . 22 527 295 192 84 Average 246 | . 105 98 46 . 73 131 248 157 54 42 110 205 288 712 290 219 155 Maximum Alert Level 3 | . 1 . . . . 1 1 1 . . . 1 3 3 1 1 2 Low Security (%) 61 | . 88 100 100 . 100 73 30 82 100 100 100 23 43 . . 51 62 Level 1 16 | . 11 . . . . 26 69 17 . . . 76 8 . 100 48 35 Level 2 12 | . . . . . . . . . . . . . 44 46 . . 1 Level 3 10 | . . . . . . . . . . . . . 2 53 . . . Level 4 . | . . . . . . . . . . . . . . . . . . Level 5 . | . . . . . . . . . . . . . . . . . . High Security . | . . . . . . . . . . . . . . . . . . Max Security . | . . . . . . . . . . . . . . . . . . Squads Dispatched 35 | . 4 . . . . 1 2 6 3 2 . . 3 10 . 2 2 Investigation 10 | . 3 . . . . 1 1 2 1 1 . . . 1 . . . Extermination 12 | . . . . . . . . 2 2 . . . . 5 . 1 2 Reinforcement 10 | . 1 . . . . . 1 2 . 1 . . 3 1 . 1 . Assault 3 | . . . . . . . . . . . . . . 3 . . . Garrison . | . . . . . . . . . . . . . . . . . . Intercept . | . . . . . . . . . . . . . . . . . . Searches Triggered . | . . . . . . . . . . . . . . . . . . Construction Impeded . | . . . . . . . . . . . . . . . . . . Haulers Reinforced 1 | . . . . . . . . . . . . . 1 . . . . Active Scanning Responses . | . . . . . . . . . . . . . . . . . . Cargo Convoy Interrupts 2 | . . . . . . . . . . . . . . 1 . . 1 Stealth | -11 -10 -9 -9 -9 -8 -8 -8 -7 -6 -6 -6 -6 -6 -5 -5 -5 -4 --------- Run | Yrd Mat Mat Min Exi Min Mat Sto Fac Fac Ext Cet Arc Hub Fac Was Fac Fac Distress Signals 14 | . . . . . . . 3 1 2 2 1 . 2 2 . . 1 Communications Jammed . | . . . . . . . . . . . . . . . . . . Distress Signals . | . . . . . . . . . . . . . . . . . . Times Spotted 288 | . 16 2 6 . 3 10 19 33 18 31 5 8 12 60 5 9 51 Peak Tracking Total 12 | . 3 1 9 . 3 5 5 8 3 6 5 1 5 9 5 3 12 Tactical Retreats 32 | . 3 . . . . 2 4 2 4 4 . . . 10 . 2 1 Traps | -11 -10 -9 -9 -9 -8 -8 -8 -7 -6 -6 -6 -6 -6 -5 -5 -5 -4 ------- Run | Yrd Mat Mat Min Exi Min Mat Sto Fac Fac Ext Cet Arc Hub Fac Was Fac Fac Traps Triggered 18 | . 1 . . . . . 1 4 1 4 . . 1 6 . . . Indirectly . | . . . . . . . . . . . . . . . . . . Trap Hack Attempts . | . . . . . . . . . . . . . . . . . . Triggered . | . . . . . . . . . . . . . . . . . . Disarmed . | . . . . . . . . . . . . . . . . . . Reprogrammed . | . . . . . . . . . . . . . . . . . . Reused . | . . . . . . . . . . . . . . . . . . Traps Extracted . | . . . . . . . . . . . . . . . . . . Installed . | . . . . . . . . . . . . . . . . . . Triggered 3 | . . . . . . . . . . . . . . 3 . . . Machines | -11 -10 -9 -9 -9 -8 -8 -8 -7 -6 -6 -6 -6 -6 -5 -5 -5 -4 ---------- Run | Yrd Mat Mat Min Exi Min Mat Sto Fac Fac Ext Cet Arc Hub Fac Was Fac Fac Machines Disabled 34 | . . . . . . . 3 . . . . 1 27 1 . . 2 Max in Single Turn 18 | . . . . . . . 1 . . . . . 18 1 . . 1 Garrison Access 3 | . . . . . . . . . . . . . 2 . . . 1 Network Hub 1 | . . . . . . . . . . . . . 1 . . . . Machines Repaired . | . . . . . . . . . . . . . . . . . . Machines Dismantled . | . . . . . . . . . . . . . . . . . . Machines Sabotaged . | . . . . . . . . . . . . . . . . . . Overloaded Fab Kills . | . . . . . . . . . . . . . . . . . . Hacking | -11 -10 -9 -9 -9 -8 -8 -8 -7 -6 -6 -6 -6 -6 -5 -5 -5 -4 --------- Run | Yrd Mat Mat Min Exi Min Mat Sto Fac Fac Ext Cet Arc Hub Fac Was Fac Fac Machines Accessed 56 | . 3 . . 1 . 1 6 10 5 12 . . 4 7 . 2 5 Terminals 35 | . 2 . . . . . 4 4 4 12 . . 2 4 . 2 1 Fabricators 5 | . . . . . . . . 3 . . . . . 1 . . 1 Repair Stations 11 | . 1 . . . . . 2 3 1 . . . . 2 . . 2 Recycling Units . | . . . . . . . . . . . . . . . . . . Scanalyzers . | . . . . . . . . . . . . . . . . . . Garrison Access 4 | . . . . . . 1 . . . . . . 2 . . . 1 Total Hacks 236 | . 9 . . 23 . 2 16 28 28 32 . . 8 56 . 18 16 Successful 121 | . 2 . . 23 . . 12 15 16 16 . . 2 20 . 8 7 Failed 114 | . 7 . . . . 2 4 13 11 16 . . 6 36 . 10 9 Catastrophic 17 | . . . . . . 1 1 1 1 4 . . 1 4 . 1 3 Database Lockouts 1 | . . . . . . . . . 1 . . . . . . . . Manual 78 | . 2 . . . . . 2 11 15 7 1 . 1 22 . 14 3 Terminals 133 | . 6 . . . . . 10 11 23 32 . . 4 25 . 18 4 Fabricators 21 | . . . . . . . . 7 . . . . . 11 . . 3 Repair Stations 50 | . 3 . . . . . 6 10 5 . . . . 20 . . 6 Recycling Units . | . . . . . . . . . . . . . . . . . . Scanalyzers . | . . . . . . . . . . . . . . . . . . Garrison Access 9 | . . . . . . 2 . . . . . . 4 . . . 3 Terminal Hacks 68 | . 1 . . 23 . . 5 5 10 14 . . . 3 . 6 1 Record 23 | . . . . 23 . . . . . . . . . . . . . Part Schematic 3 | . . . . . . . . . 3 . . . . . . . . Prototype ID Bank 5 | . . . . . . . 1 1 1 1 . . . . . 1 . Open Door 10 | . . . . . . . 3 . . 7 . . . . . . . Level Access Points 1 | . . . . . . . . . . . . . . . . 1 . Branch Access Points 2 | . . . . . . . . 1 1 . . . . . . . . Terminal Index 1 | . . . . . . . . . . . . . . . . 1 . Repair Station Index 1 | . . . . . . . . . 1 . . . . . . . . Alert Level 6 | . . . . . . . . 1 1 2 . . . 1 . 1 . Unreport Threat 3 | . . . . . . . . 1 1 . . . . 1 . . . Locate Traps 6 | . . . . . . . . . . 3 . . . 1 . 1 1 Patrol Status 1 | . . . . . . . . 1 . . . . . . . . . Registered Components 1 | . . . . . . . . . 1 . . . . . . . . Zone Layout 5 | . 1 . . . . . 1 . 1 1 . . . . . 1 . Fabricator Hacks 6 | . . . . . . . . 2 . . . . . 3 . . 1 Network Status 2 | . . . . . . . . 1 . . . . . 1 . . . Load Schematic 1 | . . . . . . . . . . . . . . 1 . . . Build 3 | . . . . . . . . 1 . . . . . 1 . . 1 Repair Station Hacks 30 | . 1 . . . . . 6 5 4 . . . . 11 . . 3 Scan Component 18 | . 1 . . . . . 3 3 2 . . . . 6 . . 3 Repair 12 | . . . . . . . 3 2 2 . . . . 5 . . . Recycling Unit Hacks . | . . . . . . . . . . . . . . . . . . Scanalyzer . | . . . . . . . . . . . . . . . . . . Garrison Access Hacks 3 | . . . . . . . . . . . . . 2 . . . 1 Seal Access 3 | . . . . . . . . . . . . . 2 . . . 1 Unauthorized Hacks 14 | . . . . . . . 1 3 2 2 . . . 3 . 2 1 Terminals 11 | . . . . . . . 1 1 2 2 . . . 2 . 2 1 Botnet 11 | . . . . . . . 1 1 2 2 . . . 2 . 2 1 Fabricators 3 | . . . . . . . . 2 . . . . . 1 . . . Report 2 | . . . . . . . . 1 . . . . . 1 . . . Prioritize 1 | . . . . . . . . 1 . . . . . . . . . Repair Stations . | . . . . . . . . . . . . . . . . . . Recycling Units . | . . . . . . . . . . . . . . . . . . Scanalyzers . | . . . . . . . . . . . . . . . . . . Garrison Access . | . . . . . . . . . . . . . . . . . . Data Cores Recovered 2 | . . . . . . . . 2 . . . . . . . . . Used . | . . . . . . . . . . . . . . . . . . Hacking Detections 42 | . 3 . . . . 1 3 9 5 7 . . 2 5 . 2 5 Full Trace Events 7 | . 2 . . . . 1 . 2 1 . . . . 1 . . . Feedback Events . | . . . . . . . . . . . . . . . . . . Feedback Blocked . | . . . . . . . . . . . . . . . . . . Robot Schematics Acquired . | . . . . . . . . . . . . . . . . . . Robots Built 3 | . . . . . . . . 3 . . . . . . . . . Authchips . | . . . . . . . . . . . . . . . . . . Time 99 | . . . . . . . . 99 . . . . . . . . . Total Robot Build Rating 6 | . . . . . . . . 6 . . . . . . . . . Part Schematics Acquired 3 | . . . . . . . . . 3 . . . . . . . . Parts Built 4 | . . . . . . . . . . . . . . 2 . . 2 Authchips . | . . . . . . . . . . . . . . . . . . Time 77 | . . . . . . . . . . . . . . 31 . . 46 Total Part Build Rating 22 | . . . . . . . . . . . . . . 4 . . 18 Parts Repaired 12 | . . . . . . . 3 2 2 . . . . 5 . . . Time 406 | . . . . . . . 108 40 38 . . . . 220 . . . Parts Recycled . | . . . . . . . . . . . . . . . . . . Recycled Matter . | . . . . . . . . . . . . . . . . . . Retrieved Matter . | . . . . . . . . . . . . . . . . . . Retrieved Components . | . . . . . . . . . . . . . . . . . . Parts Scanalyzed . | . . . . . . . . . . . . . . . . . . Part Schematics Acquired . | . . . . . . . . . . . . . . . . . . Parts Damaged . | . . . . . . . . . . . . . . . . . . Bothacking | -11 -10 -9 -9 -9 -8 -8 -8 -7 -6 -6 -6 -6 -6 -5 -5 -5 -4 ------------ Run | Yrd Mat Mat Min Exi Min Mat Sto Fac Fac Ext Cet Arc Hub Fac Was Fac Fac Used RIF Installer . | . . . . . . . . . . . . . . . . . . Robots Hacked . | . . . . . . . . . . . . . . . . . . Non-combat . | . . . . . . . . . . . . . . . . . . Combat . | . . . . . . . . . . . . . . . . . . Robot Hacks Applied . | . . . . . . . . . . . . . . . . . . Relay Couplers Released 3 | . . . . . . . . . . . . . 3 . . . . Machine Destruction 3 | . . . . . . . . . . . . . 3 . . . . Fabnet Peak Effective % . | . . . . . . . . . . . . . . . . . . Robots Rewired 10 | . . . . . . . . . . 10 . . . . . . . Allies Hacked . | . . . . . . . . . . . . . . . . . . Hacks Repelled . | . . . . . . . . . . . . . . . . . . Allies | -11 -10 -9 -9 -9 -8 -8 -8 -7 -6 -6 -6 -6 -6 -5 -5 -5 -4 -------- Run | Yrd Mat Mat Min Exi Min Mat Sto Fac Fac Ext Cet Arc Hub Fac Was Fac Fac Total Allies 29 | . . . . . . . . 3 . 21 5 . . . . . . Largest Group 9 | . . . . . . . . 3 . 9 7 7 5 4 . . . Highest-Rated Group 656 | . . . . . . . . 54 . 278 656 656 480 379 . . . Highest-Rated Ally 159 | . . . . . . . . 18 . 159 159 150 96 96 . . . Total Orders . | . . . . . . . . . . . . . . . . . . Ally Attacks 237 | . . . . . . . . 15 . 82 28 27 67 18 . . . Total Damage 7325 | . . . . . . . . 433 . 2009 515 886 2788 694 . . . Kills 52 | . . . . . . . . 3 . 18 3 4 18 6 . . . Allies Corrupted 1 | . . . . . . . . . . . . . . 1 . . . Allies Melted . | . . . . . . . . . . . . . . . . . . Intel | -11 -10 -9 -9 -9 -8 -8 -8 -7 -6 -6 -6 -6 -6 -5 -5 -5 -4 ------- Run | Yrd Mat Mat Min Exi Min Mat Sto Fac Fac Ext Cet Arc Hub Fac Was Fac Fac Robot Analysis Total . | . . . . . . . . . . . . . . . . . . Derelict Logs Recovered . | . . . . . . . . . . . . . . . . . . Drone Launches . | . . . . . . . . . . . . . . . . . . Drone Recoveries . | . . . . . . . . . . . . . . . . . . Exploration | -11 -10 -9 -9 -9 -8 -8 -8 -7 -6 -6 -6 -6 -6 -5 -5 -5 -4 ------------- Run | Yrd Mat Mat Min Exi Min Mat Sto Fac Fac Ext Cet Arc Hub Fac Was Fac Fac Turns Passed 13657 | . 569 121 119 230 382 223 679 1676 1409 1902 416 424 1004 2513 111 699 1180 Spaces Moved 7607 | 1 344 75 93 192 297 146 264 1151 913 974 113 123 575 1099 104 507 636 Core 5 | . . . . . . . . . . 5 . . . . . . . Treads 469 | . . . . . . . . . . . 77 123 112 155 . . 2 Legs 48 | 1 4 . . . . . . . . 10 . . . 33 . . . Wheels 6906 | . 340 75 93 192 297 146 264 1151 913 959 36 . 463 911 104 507 455 Hover 179 | . . . . . . . . . . . . . . . . . 179 Flight . | . . . . . . . . . . . . . . . . . . Fastest Speed 90 | 120 90 120 120 120 120 105 105 101 110 110 115 160 130 101 101 101 108 Average Speed 116 | 120 107 120 120 120 120 105 105 103 110 123 145 160 135 125 101 105 111 Slowest Speed 1000 | 120 120 120 120 120 120 105 105 120 110 1000 160 160 160 260 101 108 250 Overloaded Moves . | . . . . . . . . . . . . . . . . . . Propulsion Burnouts . | . . . . . . . . . . . . . . . . . . Robots Hopped 4 | . . . . . . . . . . 4 . . . . . . . Cave-ins Triggered . | . . . . . . . . . . . . . . . . . . Exploration Rate (%) 46 | 2 59 13 32 50 80 19 47 37 36 83 53 89 71 34 99 13 20 Regions Visited 17 Branch Regions 8 Pre-discovered Areas 1 | . . . . 1 . . . . . . . . . . . . . Known Exits Taken 5 | . . . . . . . . . 1 . 1 1 1 . . 1 . Unknown Exits Taken 10 | 1 1 1 1 1 1 1 1 1 . 1 . . . . . . . Scrap Searched 1 | . . . . . 1 . . . . . . . . . . . . Spaces Dug 120 | . . . . . . 1 . 17 9 20 . . 22 18 . 13 20 Terrain Destroyed 416 | . . . . . 34 10 . 50 9 37 . . 170 34 . 13 59 Melee 103 | . . . . . . 1 . 17 9 8 . . 19 16 . 13 20 Projectile 36 | . . . . . . . . . . 29 . . 3 4 . . . AOE 277 | . . . . . 34 9 . 33 . . . . 148 14 . . 39 Terrain Rammed . | . . . . . . . . . . . . . . . . . . Walls Destroyed . | . . . . . . . . . . . . . . . . . . Machines Disabled . | . . . . . . . . . . . . . . . . . . Actions | -11 -10 -9 -9 -9 -8 -8 -8 -7 -6 -6 -6 -6 -6 -5 -5 -5 -4 --------- Run | Yrd Mat Mat Min Exi Min Mat Sto Fac Fac Ext Cet Arc Hub Fac Was Fac Fac Total 11433 | . 505 103 96 191 314 190 570 1534 1241 1535 359 339 740 1967 110 645 994 Wait 2545 | . 94 23 1 . 2 3 242 234 257 280 233 193 102 557 1 104 219 Move 7583 | . 343 74 92 191 296 145 263 1150 912 965 112 122 574 1099 103 506 636 Hop 4 | . . . . . . . . . . 4 . . . . . . . Pick Up 146 | . 16 1 1 . 5 7 5 26 11 12 4 5 4 33 2 4 10 Fast Attach 93 | . 7 . . . . 2 3 7 4 10 4 3 . 37 1 5 10 Attach 105 | . . 2 . . . 4 5 8 8 22 1 . 2 33 . 3 17 Detach 34 | . 4 . . . . 1 . 3 2 3 1 1 2 7 . 2 8 Swap 70 | . 3 2 . . 2 2 3 9 4 10 1 . 7 13 . 1 13 Drop 111 | . 14 . . . 3 11 2 30 5 3 . 6 6 15 3 4 9 Fire 105 | . 24 1 2 . 6 1 . 4 . 30 . . 15 11 . . 11 Melee 515 | . . . . . . 14 47 55 38 91 3 9 28 153 . 16 61 Ram . | . . . . . . . . . . . . . . . . . . Kick . | . . . . . . . . . . . . . . . . . . Crush 1 | . . . . . . . . . . . . . . 1 . . . Escape Stasis 39 | . . . . . . . . 8 . 23 . . . 8 . . . Rewire 82 | . . . . . . . . . . 82 . . . . . . . Trap . | . . . . . . . . . . . . . . . . . . Miscellaneous . | . . . . . . . . . . . . . . . . . . Route ------- -11/Scrapyard -10/Materials (discovered 2 exits: [*Mat] / [*Min]) -9/Materials -9/Mines -9/Exiles -8/Mines -8/Materials -8/Storage -7/Factory (discovered 3 exits: *Fac / Low x2) -6/Factory (discovered 5 exits: *Fac / Low x2 / *Ext x2) -6/Extension (discovered 2 exits: *Fac / *Cet) -6/Cetus -6/Archives (discovered 2 exits: *Fac / *Hub) -6/Hub_04(d) (discovered 2 exits: *Fac x2) -5/Factory -5/Waste -5/Factory (discovered 4 exits: *Fac x4) -4/Factory History --------- Turn | Location | Event 1 | -11/Scrapyard | Discovered new exit (range 0) 1 | -11/Scrapyard | Entered Materials 304 | -10/Materials | Build established: Mutant 361 | -10/Materials | Discovered new exit (range 7) 562 | -10/Materials | Discovered new exit (range 6) 570 | -10/Materials | Entered another Materials area 570 | -9/Materials | Evolved 2 slots: Utility x2 637 | -9/Materials | Discovered new exit (range 16) 691 | -9/Materials | Entered Mines 698 | -9/Mines | Received a Rocket Launcher from a helpful Derelict 785 | -9/Mines | Assembled infested the area 802 | -9/Mines | Deemed a non-threat by the Exiles lab entrance 802 | -9/Mines | Discovered new exit (range 5) 810 | -9/Mines | Entered Exiles 838 | -9/Exiles | Met 8R-AWN 861 | -9/Exiles | Met EX-HEX 906 | -9/Exiles | Met EX-DEC 914 | -9/Exiles | Learned location of Zion (-6) 935 | -9/Exiles | Met EX-BIN 1025 | -9/Exiles | Discovered new exit (range 12) 1040 | -9/Exiles | Entered Mines 1178 | -8/Mines | Discovered new exit (range 10) 1422 | -8/Mines | Entered Materials 1422 | -8/Materials | Evolved 2 slots: Propulsion x1, Utility x1 1638 | -8/Materials | Discovered new exit (range 6) 1645 | -8/Materials | Entered Storage 1707 | -8/Storage | Repaired Arm. Wheel 1905 | -8/Storage | Repaired Arm. Wheel 1950 | -8/Storage | Repaired Greatsword? 2294 | -8/Storage | Discovered new exit (range 9) 2324 | -8/Storage | Entered Factory 2324 | -7/Factory | Evolved 2 slots: Utility x2 2377 | -7/Factory | Repaired Arm. Wheel 2639 | -7/Factory | Build established: Hacker-Mutant 2968 | -7/Factory | Identified exit to Lower Caves 3388 | -7/Factory | Repaired Broken Greatsword 3636 | -7/Factory | Fabricated L-31 Rogue (x3) 3889 | -7/Factory | Lost 3 allies 3966 | -7/Factory | Discovered new exit (range 14) 4000 | -7/Factory | Entered another Factory area 4000 | -6/Factory | Evolved 2 slots: Utility x2 4308 | -6/Factory | Build established: Hacker-Gladiator 4309 | -6/Factory | Lost 3 parts (2u1w) 4535 | -6/Factory | Assembled infested Garrison Access 4625 | -6/Factory | Identified exit to Lower Caves 4625 | -6/Factory | Identified exit to Extension 4653 | -6/Factory | Discovered new exit (range 7) 4952 | -6/Factory | Central database locked down 5347 | -6/Factory | Repaired Arm. Huge Wheel 5364 | -6/Factory | Repaired Arm. Wheel 5409 | -6/Factory | Entered Extension 5461 | -6/Extension | Rescued a captive Derelict 5461 | -6/Extension | Rescued a captive Derelict 5708 | -6/Extension | Rescued a captive Derelict 5743 | -6/Extension | Rescued a captive Derelict 5744 | -6/Extension | Rescued a captive Derelict 5753 | -6/Extension | Rescued a captive Derelict 6013 | -6/Extension | Lost 4 parts (3u1w) 6164 | -6/Extension | Spotted B-75 Beast 6196 | -6/Extension | Lost 6 allies 6495 | -6/Extension | Spotted B-75 Beast 6714 | -6/Extension | Build established: Gladiator 6923 | -6/Extension | Core integrity fell below 50% 6972 | -6/Extension | Rescued A7 6973 | -6/Extension | Lost 10 parts (2p2n5u1w) 7030 | -6/Extension | Lost 4 parts (2n2u) 7153 | -6/Extension | Rescued a captive Derelict 7178 | -6/Extension | Rescued a captive Derelict 7179 | -6/Extension | Rescued a captive Derelict 7224 | -6/Extension | Rescued a captive Derelict 7299 | -6/Extension | Discovered new exit (range 10) 7302 | -6/Extension | Discovered new exit (range 6) 7311 | -6/Extension | Entered Cetus 7311 | -6/Cetus | Accompanied by 3 allies (A7) 7316 | -6/Cetus | Acquired a Cetus Manufacturing Module code from A7 7337 | -6/Cetus | Spotted Cetus Guard 7337 | -6/Cetus | Spotted Cetus Guard 7337 | -6/Cetus | Spotted Cetus Guard 7337 | -6/Cetus | Spotted Cetus Guard 7354 | -6/Cetus | Allies destroyed Cetus Guard 7361 | -6/Cetus | Destroyed Cetus Guard 7364 | -6/Cetus | Allies destroyed Cetus Guard 7365 | -6/Cetus | Core integrity fell below 20% 7365 | -6/Cetus | Allies destroyed Cetus Guard 7392 | -6/Cetus | Lost 4 parts (1n3u) 7401 | -6/Cetus | Build established: Scavenger-Gladiator 7457 | -6/Cetus | Started Cetus Manufacturing Module 7466 | -6/Cetus | Discovered new exit (range 22) 7482 | -6/Cetus | Manufactured an Enhanced Grunt 7507 | -6/Cetus | Manufactured an Enhanced Grunt 7532 | -6/Cetus | Manufactured an Enhanced Grunt 7557 | -6/Cetus | Manufactured an Enhanced Grunt 7582 | -6/Cetus | Manufactured an Enhanced Grunt 7725 | -6/Cetus | Identified exit to Archives 7727 | -6/Cetus | Entered Archives 7727 | -6/Archives | Accompanied by 7 allies (A7) 7866 | -6/Archives | Discovered new exit (range 17) 8124 | -6/Archives | Discovered new exit (range 15) 8148 | -6/Archives | Identified exit to Hub_04(d) 8151 | -6/Archives | Entered Hub_04(d) 8151 | -6/Hub_04(d) | Accompanied by 5 allies 8151 | -6/Hub_04(d) | Discovered new exit (range 11) 8166 | -6/Hub_04(d) | Identified exit to Factory 8946 | -6/Hub_04(d) | Build established: Hacker-Gladiator 9046 | -6/Hub_04(d) | Discovered exit to Factory (range 13) 9141 | -6/Hub_04(d) | Network Hub disabled 9155 | -6/Hub_04(d) | Entered Factory 9155 | -5/Factory | Accompanied by 4 allies 9155 | -5/Factory | Evolved 2 slots: Utility x1, Weapon x1 9226 | -5/Factory | Repaired Centrium Medium Armor Plating 9282 | -5/Factory | Repaired Centrium Heavy Treads 9311 | -5/Factory | Repaired Phasing Sabre 9340 | -5/Factory | Repaired Phasing Sabre 9508 | -5/Factory | Lost 3 allies 9755 | -5/Factory | First assault squad dispatched 10009 | -5/Factory | Cargo convoy interrupted 10122 | -5/Factory | Lost 7 parts (1p2n3u1w) 10159 | -5/Factory | Destroyed 8 combat bots 10311 | -5/Factory | Discovered new exit (range 18) 10401 | -5/Factory | System corruption reached 10% 10442 | -5/Factory | Lost 6 parts (1n5u) 10608 | -5/Factory | Fabricated Arm. Wheel (x2) 10801 | -5/Factory | Lost 10 parts (1p3n5u1w) 10844 | -5/Factory | Core integrity fell below 50% 10907 | -5/Factory | Lost 9 parts (2p3n3u1w) 11046 | -5/Factory | Lost 3 parts (3n) 11058 | -5/Factory | Build established: Scavenger-Gladiator 11210 | -5/Factory | Found Prototype Launcher 11278 | -5/Factory | Repaired Phasing Sabre 11668 | -5/Factory | Sucked down chute 11668 | -5/Factory | Entered Waste 11683 | -5/Waste | EMP discharged 11687 | -5/Waste | Spotted C-40 Crusher 11695 | -5/Waste | Spotted C-40 Crusher 11705 | -5/Waste | Spotted C-40 Crusher 11725 | -5/Waste | Spotted C-40 Crusher 11731 | -5/Waste | Spotted C-40 Crusher 11748 | -5/Waste | Spotted C-40 Crusher 11756 | -5/Waste | Crushed by Compactor (1 part destroyed, 2 dropped) 11769 | -5/Waste | Discovered new exit (range 10) 11779 | -5/Waste | Entered Factory 12222 | -5/Factory | Identified exit to Factory 12478 | -5/Factory | Entered another Factory area 12478 | -4/Factory | Evolved 2 slots: Utility x2 13241 | -4/Factory | Spotted Striker 13242 | -4/Factory | Cargo convoy interrupted 13242 | -4/Factory | Identified Mni. Smartbomb Launcher 13246 | -4/Factory | Spotted Executioner 13276 | -4/Factory | Core integrity fell below 50% 13278 | -4/Factory | Destroyed Executioner 13319 | -4/Factory | Lost 14 parts (2p7n5u) 13592 | -4/Factory | Fabricated Quantum Reactor (x2) 13658 | -4/Factory | Self-destructed Last Messages --------------- 13635_ S-27 Virus destroyed. 13640_ Antigrav System destroyed. 13642_ Mni. Smartbomb Launcher destroyed. 13646_ U-05 Engineer lays Concrete. 13649_ Phasing Sabre follow-up attack on S-27 Virus. 13649_ Destroyed VTOL Module. 13649_ S-27 Virus destroyed. 13650_ U-05 Engineer lays Concrete. 13655_ K-01 Serf cleans the Subcomponent Replicator. 13655_ U-05 Engineer lays Concrete. 13656_ Antigrav System destroyed. 13656_ U-05 Engineer lays Concrete. 13656_ R-10 Processor collects VTOL Module. 13657_ U-05 Engineer lays Concrete. 13657_ Penetrated by Slug. 13657_ Antigrav System destroyed. 13658_ U-05 Engineer lays Concrete. 13658_ Antigrav System destroyed. Map ----- +----------------------------------------------------+ | ?????????????????????????????????????????????????? | | ?????????????????????????????????????????????????? | | ?????????????????????????????????????????????????? | | ???????????????????????????????????????????????""" | | ??????????????????? ???????????????????????????""F | | ??????????????????? ?????????????????????????????? | | ??????????????????? ??????????????????????????"""" | | ??????????????????? ??????????????????????????"""" | | ??????????????????? ?????????? ????????????"""" | | ??????????????????? ?????????? ?????????????"""" | | ?????????????????## ?????????? ????????????????? | | ?????????????????# ????????? ??????????????"""" | | ?????????????????# ????????? ??????????????"""" | | ?????????????????? ????????? ???????????????"""" | | ??????????????????# ########? ??????##+##????"""" | | ??????????????????# ##+####### ???????? | | ??????????????????# ?????"""" | | ??????????????????+ ??????"""" | | ??????????????????# ????????"""" | | ??????????????????# u """?? ????"""" | | ??????????????????+ ## *uuR """"" #??????? | | ??????????????????# # [ """"" #??????? | | ???????????????R??# ## % ????????? | | ??????????????????# ## %ssTs """??????????? | | ????????????#+#???# ## [ " """""??????????? | | ????????????# #####+### @"" """"" ??? | | ?????????#### # !# %= k ? | | ?????????# # # ss ? | | ?????????# # ! # ################## """ | | ?????????# # # T#???????????????????""" | | ?????????# *=# ! #u #???????????????????""" | | ??????????###%# YY# ##?????????????????????? | | ??????????#""!# # u #??????????????????????? | | ?????????## # #^ #?????""""?""""????????? | | ????????##"## # #Y #?????""""?""""????????? | | ?############ # + #?????""""?""""????????? | | ?# ### + # #?????""""?""""????????? | | ?# """ #?# ######### #??????????????????????? | | ?# ""F #?# #??????? ??????????????????????? | | ?# "" #? ??????? ?????????????????????? | | ?# """ # ??????? ????????????????????? | | ?# """ + ?????? ???????????????????? | | ?# # ?????? ??????????????????? | | ?# # ?????? ?????????????????? | | ?# #? ?????# #####????????????????? | | ###########? ?????########?????????????????????? | | #?????? ??????????????????????????????????? | | T #?????? #?????????????????????????????????? | | #?????? #?????????????????????????????????? | | #?????? ??????????????????????????????????? | +----------------------------------------------------+ Best States ------------- Heat Dissipation 73 Energy Generation 25 Energy Capacity 350 Matter Stores 300 Matter Capacity 300 Sight Range 23 Robot Scan Range 16 Terrain Scan Density 10 ECM Strength 2 Power Amplification 20 EM Shielding 3 Corruption Block 15 Armor Coverage 750 Resistance: KI 20 Resistance: TH 10 Propulsion Shielding 66 Utility Shielding 66 Melee Speed Boost 40 Phase Shifting 5 Evasion (%) 45 Melee Accuracy 14 Recoil Reduction 3 Offensive Hacking 20 Defensive Hacking 38 Item Schematics ----------------- Arm. Wheel | -6/Factory | Hacked Greatsword | -6/Factory | Hacked Adv. Reaction Control System | -6/Factory | Hacked Robot Schematics ------------------ None Fabricated ------------ L-31 Rogue | x3 | -7/Factory | Preloaded Arm. Wheel | x2 | -5/Factory Quantum Reactor | x2 | -4/Factory | Preloaded Alien Tech Used ----------------- None Achievements -------------- None Challenges ------------ None Game ------ Seed ChromaticSeismicInsulator Manual? 0 Play Time 02:12:48 Cumulative 238.3 hours Start 2024.04.16 @ 11:51:22 End 2024.04.16 @ 15:15:40 Sessions 3 Manual Loads 0 Difficulty Rogue Special Mode None Game No. 147 Rogue 147 Adventurer 0 Explorer 0 Win Type - Total 2 Types 2/0/0/0/0/0/0/0/0 Lore% 50 Gallery% 70 Achievement% 57 Wizard Run 0 Options --------- Layout 1 ASCII 0 Keyboard 1 Movement Numpad Keybinds 0 Fullscreen 1 Font 32/SmallcapsGlow Map View 50x35 Zoom Use 0% Tactical HUD 1 Map Filters NONE Filters NONE Steam 1 RUN: 881de49a-82e1-4a60-bc48-74c4ed3a1c76